 Dungeon Crawl Stone Soup version 0.31-a0-1308-ga3cce3a448 (webtiles) character file.

Game seed: 3909196774475928894

3602 Dirtsage the Mimic (level 10, -5/63 (66) HPs)
             Began as an Octopode Shapeshifter on Dec 19, 2023.
             Was a Follower of the Shining One.
             Engulfed by a cloud of steam (10 damage)
             ... on level 8 of the Dungeon.
             The game lasted 00:14:34 (7064 turns).

Dirtsage the Mimic (Octopode Shapeshifter)          Turns: 7064, Time: 00:14:34

HP:   -5/63 (66)    AC:  1    Str: 15    XL:     10   Next: 10%
MP:   10/10         EV: 17    Int: 12    God:    the Shining One [*.....]
Gold: 315           SH:  0    Dex: 21    Spells: 9/9 levels left

rFire   . .          .
                       - Unarmed
rCold   + + .        (shield currently unavailable)
rNeg    . . .        (helmet restricted)
rPois   .            (no amulet)
rElec   .            I - ring of protection from cold
rCorr   .            A - +6 ring of dexterity
SInv    .            D - ring of protection from cold
Will    .....        (no ring)
Stlth   +            (no ring)
HPRegen 0.30/turn    (no ring)
MPRegen 0.12/turn    (no ring)
                     (no ring)

%: no passive effects
@: blade tentacles, glowing, lightly drained
A: almost no armour, amphibious, 8 rings, camouflage 1, gelatinous body 1,
(nimble swimmer 1), tentacles
a: Begin Untransformation, Renounce Religion, Divine Shield


You were on level 8 of the Dungeon.
You worshipped the Shining One.
The Shining One was aware of your devotion.
You had blades for main tentacles.
You visited 2 branches of the dungeon, and saw 9 of its levels.

You collected 315 gold pieces.

Inventory:

Jewellery
 A - a +6 ring of dexterity (right blade tentacle)
 D - a ring of protection from cold (on tentacle)
 I - a ring of protection from cold (left blade tentacle)
Talismans
 b - a beast talisman
 c - a flux talisman
 s - a blade talisman (active)
Wands
 e - a wand of roots (5)
 u - a wand of charming (14)
 w - a wand of light (15)
 y - a wand of flame (19)
Scrolls
 f - 3 scrolls of noise
 k - a scroll of fog
 t - a scroll of teleportation
 B - a scroll of blinking
Potions
 a - 4 potions of lignification
 d - 5 potions of brilliance
 g - 3 potions of invisibility
 h - a potion of haste
 j - 2 potions of enlightenment
 l - 3 potions of heal wounds
 n - a potion of resistance
 o - a potion of cancellation
 q - 3 potions of curing
 r - 3 potions of mutation
 v - 2 potions of degeneration {unknown}
 x - a potion of might {unknown}
 z - 2 potions of attraction


   Skills:
 + Level 5.3 Fighting
 + Level 5.6 Dodging
 + Level 6.1 Unarmed Combat
 * Level 10.3 Shapeshifting


You had 9 spell levels left.
You didn't know any spells.
Your spell library contained the following spells:

 Spells                   Type           Power      Damage    Failure   Level
 Apportation              Tloc           0%         N/A       32%         1
 Freeze                   Ice            0%         1d3       32%         1
 Necrotise                Necr           0%         1d4       32%         1


Dungeon Overview and Level Annotations

Branches:
Dungeon (8/15)             Temple (1/1) D:6            Lair (0/5) D:8

Altars:
Ashenzari
Cheibriados
Elyvilon
Fedhas
Gozag
Hepliaklqana
Makhleb
Okawaru
Qazlal
Ru
Sif Muna
Trog
Vehumet
Wu Jian
Xom
Yredelemnul
Zin
The Shining One

Shops:
D:7 *

Annotations:
D:2 1 runed translucent door, Crazy Yiuf


Innate Abilities, Weirdness & Mutations

You have blades for main tentacles.
You are incapable of wielding weapons or throwing items.
You cannot wear most types of armour.
You are amphibious.
You can wear up to eight rings at the same time.
Your skin changes colour to match your surroundings (Stealth+).
Your rubbery body absorbs attacks. (AC +1, EV +1)
((You are camouflaged when in or above water. (Stealth+)))
You have tentacles for arms and can constrict up to eight enemies at once.


Message History

You take 18 damage, and have 34/63 hp.
MASSIVE DAMAGE!!
You are too injured to fight recklessly!
You are too injured to fight recklessly!
You are too injured to fight recklessly!
You are engulfed in a cloud of scalding steam.
Things that are here:
a +0 club; an orc corpse You take 5 damage, and have 29/63 hp.
An orc comes into view. It is wielding a +0 club.
The orc shouts!
Things that are here:
a +0 club; an orc corpse You see here a +0 club.
The orc completely misses you.
You slice the orc!!
You kill the orc!
The steam dragon breathes steam at you. The ball of steam hits you!
Things that are here:
a +0 club; 2 boomerangs; a +0 chain mail You take 14 damage, and have 19/63 hp.
MASSIVE DAMAGE!!
You slice the steam dragon!!
The steam dragon is severely wounded.
You are engulfed in a cloud of scalding steam.
* * * LOW HITPOINT WARNING * * *
The steam dragon bites you.
* * * LOW HITPOINT WARNING * * *
The steam dragon claws you. The Shining One protects you from harm!
You take 14 damage, and have 5/63 hp.
MASSIVE DAMAGE!!
You feel much better.
You are engulfed in a cloud of scalding steam.
* * * LOW HITPOINT WARNING * * *
The steam dragon barely misses you. The steam dragon claws you.
* * * LOW HITPOINT WARNING * * *
You slice the steam dragon!!
You kill the steam dragon!
The steam dragon scales are intact enough to wear.
You are engulfed in a cloud of scalding steam.
You die...

. ... #. ... .# . ...
.# ## .## .. ### ## #.
..#.. ... #.. ##.##.#.
... ...... #.# #.##§#
#.####..#@# #
#.##....#§# #
#.##$##.#§#
########.....).).#
#............#.#......#
..######..#.##......#.#
....####....####...##
###................#
#........#######....#


There were no monsters in sight!

Vanquished Creatures
  Pikel (D:8)
  A hornet (D:7)
  Eustachio (D:6)
  A steam dragon (D:8)
  2 ice beasts
  2 sky beasts
  2 orc warriors (D:6)
  2 black bears
  4 ogres
  A phantom (D:5)
  A kobold brigand (D:8)
  5 bullfrogs
  A gnoll sergeant (D:6)
  A scorpion (D:6)
  3 wights (D:7)
  3 jellies
  2 hounds
  7 orc priests
  Ijyb (D:5)
  6 iguanas
  4 orc wizards
  2 hell rats (D:8)
  Robin (D:4)
  3 gnolls
  5 adders
  A white imp (D:6)
  4 ufetubi (D:6)
  3 worms
  5 dart slugs
  34 orcs
  7 ball pythons
  13 endoplasms
  4 giant cockroaches
  11 goblins
  11 hobgoblins
  6 jackals (D:2)
  24 kobolds
  5 quokkas
  6 bats
  4 frilled lizards
  6 rats
206 creatures vanquished.

Notes
Turn   | Place    | Note
-------+----------+-------------------------------------------
     0 | D:1      | Dirtsage the Octopode Shapeshifter began the quest for the
                  | Orb.
     0 | D:1      | Reached XP level 1. HP: 13/13 MP: 1/1
    25 | D:1      | Found a faded altar of an unknown god.
   192 | D:1      | Reached XP level 2. HP: 18/18 MP: 2/2
   379 | D:1      | Reached XP level 3. HP: 19/24 MP: 3/3
  1063 | D:2      | Reached XP level 4. HP: 29/29 MP: 4/4
  1172 | D:2      | Found a runed translucent door.
  1173 | D:2      | Noticed Crazy Yiuf
  2028 | D:3      | Reached skill level 4 in Shapeshifting
  2130 | D:3      | Found a broken altar of Ashenzari.
  2138 | D:3      | Found a basalt altar of Yredelemnul.
  2260 | D:4      | Noticed an ogre
  2270 | D:4      | Killed an ogre
  2271 | D:4      | Reached XP level 5. HP: 20/34 MP: 5/5
  2332 | D:4      | Got Lyniedig's Starting Spellwork
  2355 | D:4      | Reached skill level 5 in Shapeshifting
  2543 | D:4      | Noticed Robin
  2551 | D:4      | Killed Robin
  2556 | D:4      | Reached XP level 6. HP: 31/39 MP: 6/6
  3107 | D:4      | You fall into a shaft and drop 3 floors!
  3179 | D:5      | Entered Level 5 of the Dungeon
  3313 | D:5      | Reached skill level 6 in Shapeshifting
  3316 | D:5      | Found a stormy altar of Qazlal.
  3316 | D:5      | Noticed a black bear
  3324 | D:5      | Killed a black bear
  3325 | D:5      | Reached XP level 7. HP: 7/45 MP: 7/7
  3522 | D:5      | Reached skill level 7 in Shapeshifting
  3937 | D:5      | Reached skill level 8 in Shapeshifting
  4096 | D:5      | Reached XP level 8. HP: 17/51 MP: 8/8
  4328 | D:5      | Noticed Ijyb
  4341 | D:5      | Killed Ijyb
  5374 | D:6      | Found the +7 staff of the Meek {protect, meekguard}
  5524 | D:6      | Found a staircase to the Ecumenical Temple.
  5572 | Temple   | Entered the Ecumenical Temple
  5583 | Temple   | Became a worshipper of the Shining One
  5629 | D:6      | Reached XP level 9. HP: 57/57 MP: 9/9
  5693 | D:6      | Reached skill level 9 in Shapeshifting
  5836 | D:6      | Noticed Eustachio
  5845 | D:6      | Killed Eustachio
  6025 | D:7      | Reached skill level 5 in Unarmed Combat
  6146 | D:7      | Noticed a hornet
  6151 | D:7      | Killed a hornet
  6366 | D:7      | Found a bloodstained altar of Trog.
  6370 | D:7      | Reached skill level 5 in Dodging
  6761 | D:7      | Found an opulent altar of Gozag.
  6762 | D:7      | Found Gozag's Platinum Reserve.
  6798 | D:8      | Noticed a death yak
  6798 | D:8      | Noticed a death yak
  6798 | D:8      | Reached * piety under the Shining One
  6798 | D:8      | Noticed a death yak
  6798 | D:8      | Found a staircase to the Lair.
  6856 | D:8      | Noticed Pikel
  6870 | D:8      | Killed Pikel
  6871 | D:8      | Reached skill level 5 in Fighting
  6871 | D:8      | Reached skill level 10 in Shapeshifting
  6871 | D:8      | Reached XP level 10. HP: 56/66 MP: 10/10
  7062 | D:8      | The Shining One protects you from harm!
  7064 | D:8      | Engulfed by a cloud of steam

Illustrated notes

Levels and vault maps discovered:
D:1:      roadster_arrival_rocket_large, layout_loops_ring,
          dreamdust_ecumenical_altar_grove, palyth_stone_intersect
D:2:      layout_basic, serial_co_window_serial, co_window_paths_a,
          co_window_corner_a, co_window_cross_1, co_window_paths_b,
          co_window_corner_a, co_window_corner_a, co_window_corner_ca,
          co_window_corner_b, co_window_broadway_a, co_window_sun,
          glass_columns_c, glass_columns_a, glass_columns_b, glass_columns_a,
          uniq_crazy_yiuf_cottage
D:3:      layout_rooms, amethyst_overflow_temple_binary
D:4:      layout_loops_ring, uniq_robin
D:5:      layout_gridville, mainiacjoe_overflow_six_doors_small, uniq_ijyb
D:6:      layout_basic, temple_statues, pf_guarded_unrand_meek, uniq_eustachio
D:7:      layout_cave_pods, mainiacjoe_overflow_boulevard,
          nicolae_gozag_zags_fifth_avenue
D:8:      layout_rooms, dpeg_lair_monsters, uniq_pikel
Temple:   nicolae_temple_god_jail

Skill      XL: |  1  2  3  4  5  6  7  8  9 10 |
---------------+-------------------------------+-----
Fighting       | 2 3 5 |  5.3
Shapeshifting  | 4 5 6 8 10 | 10.3
Dodging        | 4 5 |  5.6
Unarmed Combat | 4 5 6 |  6.1

Action                     |  1- 3 |  4- 6 |  7- 9 | 10-12 || total
---------------------------+-------+-------+-------+-------++-------
  Melee: Unarmed           |    81 |   133 |   218 |    35 ||   467
         Constrict         |    23 |    33 |    53 |     9 ||   118
         Tentacles         |    16 |    25 |    58 |     8 ||   107
         Punch             |     1 |     3 |     2 |     2 ||     8
  Evoke: Wand              |       |     3 |       |       ||     3
    Use: Scroll            |       |    10 |     7 |       ||    17
         Potion            |       |       |     2 |     1 ||     3
   Stab: Sleeping          |     5 |    12 |     1 |       ||    18
         Distracted        |       |     1 |       |       ||     1
 Armour: Skin              |    31 |    64 |    87 |    15 ||   197
  Dodge: Dodged            |    39 |    56 |   128 |    21 ||   244
   Form: Flux              |       |       |     1 |       ||     1
         Blade             |       |       |     1 |       ||     1

Table legend: (Time is in decaauts)
 A = Elapsed time spent in this place.
 B = Non-inter-level travel time spent in this place.
 C = Inter-level travel time spent in this place.
 D = Time resting spent in this place.
 E = Time spent auto-exploring this place.
 F = Levels seen in this place.
 G = Mean time per level.
                   A        B        C        D        E       F      G
               +--------+--------+--------+--------+--------+-----+--------+
         Total |   7028 |   6724 |    304 |    357 |   5075 |   9 |  780.9 |
       Dungeon |   7008 |   6722 |    286 |    357 |   5075 |   8 |  876.0 |
        Temple |     20 |      2 |     18 |      0 |      0 |   1 |   20.0 |
               +--------+--------+--------+--------+--------+-----+--------+

Top non-repeatable levels by time:
     D:6: 1391 daAuts
     D:4: 1122 daAuts
     D:5: 1118 daAuts
     D:2: 974 daAuts
     D:7: 935 daAuts
     D:1: 737 daAuts
     D:3: 512 daAuts
     D:8: 216 daAuts
  Temple: 20 daAuts
